 Dungeon Crawl Stone Soup version 0.21-a0-55-gb612c23 (webtiles) character file.

375 grindst0ne the Covert (level 6, 0/41 HPs)
             Began as a Vampire Enchanter on June 15, 2017.
             Slain by a bat (1 damage)
             ... on level 3 of the Dungeon.
             The game lasted 00:07:40 (4579 turns).

grindst0ne the Covert (Vampire Enchanter)           Turns: 4579, Time: 00:07:41

Health: 0/41       AC:  0    Str:  7    XL:     6   Next: 44%
Magic:  6/9        EV: 20    Int: 18    God:
Gold:   155        SH:  0    Dex: 21    Spells: 6/9 levels left

rFire    . . .     SeeInvis +   (weapon currently unavailable)
rCold    + + .     Gourm    .   (shield currently unavailable)
rNeg     + + +     Faith    .   (armour currently unavailable)
rPois    ∞         Spirit   .   (helmet currently unavailable)
rElec    .         Reflect  .   (cloak currently unavailable)
rCorr    .         Harm     .   (gloves currently unavailable)
MR       .....                  (boots currently unavailable)
Stlth    ++++++....             (no amulet)
HPRegen  0.00/turn              (ring currently unavailable)
MPRegen  0.11/turn              (ring currently unavailable)

@: bat-form, flying, bloodless, non-regenerating, drained, very quick
A: fangs 3, see invisible
a: End Transformation


You were on level 3 of the Dungeon.
You were bloodless.
You were in vampire-bat-form.
You visited 1 branch of the dungeon, and saw 3 of its levels.

You collected 155 gold pieces.

Inventory:

Hand Weapons
 a - a +1 dagger (melded)
Armour
 b - a +0 robe
 h - a +0 robe
 l - a +2 robe of fire resistance (melded)
Wands
 o - a wand of random effects (15/48)
 r - a wand of clouds (6/9)
Scrolls
 e - a scroll of enchant armour {unknown}
 f - a scroll of blinking {unknown}
 g - a scroll of teleportation {unknown}
 j - a scroll of random uselessness {unknown}
 p - a scroll of identify {unknown}
Potions
 i - a potion of curing {unknown}
 k - a potion of might {unknown}
 m - a potion of haste {unknown}
 n - a potion of brilliance {unknown}
 q - 16 potions of blood
 s - a potion of lignification {unknown}
 u - a potion of agility {unknown}
Books
 c - a book of Maledictions

   Spells                             Type                      Level
   a - Corona                         Hexes                        1
   b - Ensorcelled Hibernation        Hexes/Ice                    2
   c - Confuse                        Hexes                        3
   d - Tukima's Dance                 Hexes                        3
   e - Dazzling Spray                 Conjuration/Hexes            3


   Skills:
 - Level 1.1(0.8) Short Blades
 - Level 2.1(1.9) Dodging
 + Level 8.8(8.5) Stealth
 - Level 2.0(1.7) Spellcasting
 + Level 7.9(7.6) Hexes


You had 6 spell levels left.
You knew the following spells:

 Your Spells              Type           Power        Failure   Level  Hunger
a - Corona                Hex            ####...      1%          1    #......
b - Ensorcelled Hibernat  Hex/Ice        ###...       6%          2    ###....


Dungeon Overview and Level Annotations

Branches:
Dungeon (3/15)

Altars:
Trog

Annotations:
D:3 Natasha


Innate Abilities, Weirdness & Mutations

You do not heal naturally.
You are immune to poison.
You have razor-sharp teeth.
You have supernaturally acute eyesight. (SInv)
((You can survive without breathing.))
((You are partially covered in icy blue scales. (AC +2)))
((Your system is resistant to poisons. (rPois)))


Message History

Things that are here:
a -3 ring of dexterity; an uncursed ring of positive energy You feel yourself speed up.
The bat completely misses you. The bat completely misses you. The bat hits you.
* * * LOW HITPOINT WARNING * * *
The bat closely misses you. The bat misses you. The bat closely misses you.
The bat completely misses you. The bat completely misses you. The bat hits you.
* * * LOW HITPOINT WARNING * * *
Okay, then.
It was a potion of mutation.
You feel extremely strange.
You feel resistant to poisons.
Icy blue scales grow over part of your body.
The bat hits you.
You die...

#..####
#####.r
#..#
#......
#..#
#.....#
#h.#
#.....#
#..#
#.....#
#..#
#.._...
#..#
##.....
#b.#
#.....
#b##
#...".
#.#####
##.....
#....<#
#......
#######
#......
#.#....
#.#....
#.#..#.
#.#..#.
#.####.


You could see Natasha and a bat.

Vanquished Creatures
  Sigmund (D:3)
  An orc priest (D:3)
  An orc wizard (D:3)
  Jessica (D:3)
  Ijyb (D:3)
  Natasha (D:3)
  2 adders (D:2)
  3 worms (D:2)
  4 leopard geckos
  An orc (D:3)
  9 goblins
  12 hobgoblins
  3 jackals (D:3)
  A kobold (D:1)
  2 quokkas
  A ball python (D:1)
  2 bats
  A frilled lizard (D:2)
  8 rats
55 creatures vanquished.

Notes
Turn   | Place    | Note
-------+----------+-------------------------------------------
     0 | D:1      | grindst0ne the Vampire Enchanter began the quest for the Orb.
     0 | D:1      | Reached XP level 1. HP: 13/13 MP: 3/3
   520 | D:1      | Reached XP level 2. HP: 8/19 MP: 5/5
   530 | D:1      | Learned a level 2 spell: Ensorcelled Hibernation
   742 | D:1      | Reached skill level 5 in Stealth
  1259 | D:1      | Reached skill level 5 in Hexes
  1794 | D:2      | Reached XP level 3. HP: 21/24 MP: 1/6
  2081 | D:2      | Found a faded altar of an unknown god.
  2515 | D:2      | Reached skill level 6 in Stealth
  3017 | D:3      | Noticed Jessica
  3021 | D:3      | Noticed Ijyb
  3071 | D:3      | Killed Ijyb
  3071 | D:3      | Reached XP level 4. HP: 30/30 MP: 2/7
  3598 | D:3      | Killed Jessica
  3653 | D:3      | Reached skill level 7 in Stealth
  3842 | D:3      | Noticed Natasha
  3848 | D:3      | Killed Natasha
  3848 | D:3      | Reached XP level 5. HP: 35/35 MP: 5/8
  3897 | D:3      | Found a bloodstained altar of Trog.
  4115 | D:3      | Noticed Sigmund
  4125 | D:3      | Killed Sigmund
  4125 | D:3      | Reached skill level 8 in Stealth
  4125 | D:3      | Reached XP level 6. HP: 41/41 MP: 4/9
  4526 | D:3      | Noticed Natasha
  4571 | D:3      | HP: 2/41 [bat (1)]
  4578 | D:3      | HP: 1/41 [bat (1)]
  4579 | D:3      | Gained mutation: Your system is resistant to poisons. (rPois) [potion of mutation]
  4579 | D:3      | Gained mutation: You are partially covered in icy blue scales. (AC +2) [potion of mutation]
  4579 | D:3      | Slain by a bat

Vault maps used:
D:1:      minmay_arrival_widening_spiral_wide, nrook_mini_vaults
D:2:      chequers_ecumenical_altar_simple_redux
D:3:      cheibrodos_ashenzari_chains, led_xom_imps, bloody_trog,
          grunt_decor_mini_mirrors, minmay_misc_feat_more_columns, uniq_jessica,
          uniq_natasha, uniq_sigmund, uniq_crazy_yiuf_cottage, uniq_ijyb

Skill      XL: |  1  2  3  4  5 |
---------------+----------------+-----
Stealth        | 5 6 7 8 |  8.8
Hexes          | 5 6 7 |  7.9
Short Blades   | |  1.1
Dodging        | |  2.1
Spellcasting   | |  2.0

Action                   |  1- 3 |  4- 6 || total
-------------------------+-------+-------++-------
Melee: Dagger            |    94 |    51 ||   145
       Bite              |     4 |     2 ||     6
 Cast: Ensorcelled Hiber |    22 |    27 ||    49
       Corona            |       |     1 ||     1
 Abil: Bat Form          |       |     1 ||     1
  Use: Potion            |     1 |     2 ||     3
       Scroll            |     1 |     1 ||     2
 Stab: Sleeping          |    21 |    17 ||    38
Armor: Robe              |     3 |    18 ||    21
Dodge: Dodged            |    48 |    74 ||   122
